← All builds
Tech / Armada / Economy first / OBSERVED BUILD

Sharpshooter snipers

Armada Tech (Eco) build order · Supreme Isthmus

Standard T2 rush into an early Sharpshooter-led sniper bot push around 8:10-8:38, pairing T2 constructor support for Geo with sniper bots fighting at the middle rather than just economy scaling.

Usually first T2 con to Geo (81%)

#t2 #raid · 99 distinct matches · 51 players · 3% of Armada Tech games · team won 27% of 100 · Recently observed

THE CATCH, AND WHAT COMES WITH IT
  • SharpshooterT2 bot snipers from 8:11 · 6% of role by thenFrom the Advanced Bot Lab. Only 6% of Tech games have it by then; others who build it get it around 9:07

Where those units first fight, in 98 games with kill data: in the middle 55%, on their own side 45%.

Those units destroy a typical 1,393 metal of enemy units by 15:00.

Then transitions into anti-nuke (13% of army).

HOW TO PLAY IT

Key timing: Sharpshooter out by 9:04

  1. Open standard T2 rush with Bot Lab first.
  2. Finish Advanced Bot Lab on the normal T2 timing.
  3. Upgrade mex as usual while eco scales.
  4. Push Sharpshooter snipers from Advanced Bot Lab to fight forward in middle.
  5. Keep producing T2 cons and anti-nuke for the team.

Phase by phase

TYPICAL OF ITS 99 GAMES · AGAINST STANDARD TECH
  1. 1
  2. 2
  3. 3
  4. 4
  5. 5
PLAY THE OPENING

Follow the example game's first 9:11 step by step: what to build now, what comes next, and where it goes. At 1× it keeps pace with your own game.

  1. 1

    Up to the Bot Lab

    Economy
    • Metal Extractor3Mex
    • Wind Turbine4Wind
    Order
    1. Bot LabBot Lab after 3 mex, 4 winddone ~1:17, middle half 1:13–1:38

    Some games also: energy storage (37%)

    By 1:00 in all: 3 mex · 4 wind

    The example game in this phase · 3 steps
    1. Mex ×3
    2. Wind ×5
    3. Bot LabBot Labdone 1:20 · typical 1:17
  2. 2

    Bot Lab to Advanced Bot Lab

    Economy
    • Metal Extractor1Mex
    • Wind Turbine9Wind
    • Energy Storage1Energy storage
    Order
    1. Advanced Bot LabAdvanced Bot Lab after 4 mex, 13 wind, 3 con turretdone ~4:18, middle half 4:08–4:33
    Builders
    • Construction Turret3 Con turret
    • Lazarus3 Lazarus
    • Construction Bot2 Con bot
    • Construction Bot1 Con bot for allies

    Some games also: converter (43%)

    By 3:22 in all: 4 mex · 13 wind · 1 energy storage · 3 con turret

    The example game in this phase · 17 steps
    1. Wind
    2. LazarusLazarus
    3. Wind ×4
    4. Construction BotCon bot
    5. Wind ×2
    6. Energy storage
    7. LazarusLazarus
    8. Construction BotCon botfor Air
    9. Mex
    10. LazarusLazarus
    11. Con turret
    12. Construction BotCon bot
    13. LazarusLazarus
    14. Con turret
    15. LazarusLazarus
    16. Con turret
    17. Advanced Bot LabAdvanced Bot Labdone 4:48 · typical 4:18
  3. 3

    Advanced Bot Lab to 5:00

    Economy
    • Wind Turbine1Wind−2 vs standard
    Order
    1. Bot LabEat Bot Lab
    Builders
    • Advanced Construction Bot1 T2 con bot for allies

    Some games also: converter (43%)

    By 5:00 in all: 4 mex · 15 wind · 2 converter · 1 energy storage · 3 con turret

    The example game in this phase · 11 steps
    1. Bot LabEat Bot Labreclaimed for its metal
    2. Wind
    3. Converter ×2
    4. Wind
    5. Converter ×2
    6. Wind
    7. Converter
    8. Wind
    9. Advanced Construction BotT2 con botfor Geo
    10. Converter
    11. Wind
  4. 4

    5:00 to T2 bot snipers

    Economy
    • Wind Turbine16Wind+5 vs standard
    • Energy Converter1Converter
    Order
    1. SharpshooterT2 bot snipers after 4 mex, 32 wind, 5 converterdone ~8:39, middle half 7:41–9:48
    Builders
    • Butler4 Butler
    • Advanced Construction Bot3 T2 con bot for allies

    Some games also: T2 con bot (36%)

    By 8:10 in all: 4 mex · 32 wind · 5 converter (standard 3) · 1 energy storage · 3 con turret

    The example game in this phase · 9 steps
    1. Wind ×2
    2. Advanced Metal ExtractorT2 mexdone 5:59 · typical 5:17
    3. Converter
    4. Wind
    5. ButlerButler
    6. Converter
    7. Wind
    8. Converter
    9. SharpshooterSniper botdone 6:41 · typical 8:39
  5. 5

    T2 bot snipers to 10:00

    Economy
    • Wind Turbine19Wind−11 vs standard
    Army
    • Sharpshooter1 Sniper bot

    Some games also: converter (48%) · Butler (45%) · T2 con bot for allies (42%)

    The standard build makes here, this one skips: 4 converter · 5 Butler

    By 10:00 in all: 4 mex · 54 wind · 8 converter · 1 energy storage · 3 con turret

    The example game in this phase · 118 steps
    1. Wind
    2. Converter ×2
    3. SharpshooterSniper bot
    4. Converter
    5. Wind ×4
    6. ButlerButler
    7. Wind
    8. Advanced Construction BotT2 con botfor Air
    9. Wind ×3
    10. Advanced Construction BotT2 con botfor Geo sea
    11. Wind
    12. Advanced Metal ExtractorT2 mex
    13. Wind ×9
    14. Advanced Construction BotT2 con botfor Beach sea
    15. Wind ×4
    16. ButlerButler
    17. Wind
    18. Con turret
    19. Wind
    20. ButlerButler
    21. Advanced Metal ExtractorT2 mex
    22. Wind ×7
    23. Con turret
    24. Advanced Construction BotT2 con botfor Front
    25. Wind ×4
    26. Converter
    27. Wind ×3
    28. Converter
    29. Wind ×2
    30. Converter
    31. Wind
    32. Converter
    33. Wind ×3
    34. Converter
    35. Advanced Construction BotT2 con bot
    36. Wind ×2
    37. Converter
    38. Wind ×5
    39. ButlerButler
    40. Wind ×2
    41. ButlerButler
    42. Wind
    43. ButlerButler
    44. Wind ×4
    45. Advanced Metal ExtractorT2 mex
    46. Wind ×2
    47. Con turret
    48. Converter ×4
    49. Wind
    50. Converter
    51. Wind
    52. Con turret
    53. Wind ×3
    54. ButlerButler
    55. Wind
    56. Fusion ReactorFusiondone 12:35
    57. Wind ×17
    58. T2 converter
    59. Converter
    60. Wind ×5
    61. Converter
    62. Wind ×3
    63. Converter
    64. Wind ×3
    65. Converter
    66. Wind ×3
    67. Converter
    68. Wind ×9
    69. Advanced Bot LabEat Advanced Bot Labreclaimed for its metal
    70. Wind ×9
    71. Con turret
    72. Wind ×4
    73. Con turret
    74. Wind
    75. Con turret
    76. Wind ×6
    77. T2 converter
    78. Wind ×6
    79. CitadelAnti-nukedone 14:18
    80. Wind ×4
    81. Con turret
    82. Wind ×2
    83. Con turret
    84. Wind ×2
    85. Con turret
    86. Wind ×2
    87. Con turret
    88. Wind ×3
    89. Con turret
    90. Wind ×2
    91. Con turret
    92. Wind
    93. Con turret
    94. Wind ×4
    95. Con turret
    96. Wind ×3
    97. Con turret
    98. Wind
    99. Con turret
    100. Wind
    101. Con turret
    102. Wind ×2
    103. Con turret
    104. Wind ×18
    105. Aircraft PlantAircraft Plantdone 14:13
    106. Wind ×2
    107. Construction AircraftCon aircraft
    108. Wind
    109. Aircraft PlantEat Aircraft Plantreclaimed for its metal
    110. Wind ×2
    111. Advanced Aircraft PlantAdvanced Aircraft Plantdone 14:52
    112. Wind ×8
    113. T2 converter
    114. Wind ×13
    115. HighwindHighwind
    116. Wind ×2
    117. HighwindHighwind
    118. Wind

Counts are medians over the build's games: half of them build more, half fewer. The example game is Vaticineur's (33 OS, 12/09/2026); pick another.

Team trades

IN AT LEAST 30% OF ITS GAMES

You hand over

  • Construction Bot1 Con bot to Airfirst at 2:24 · in 89% of games
  • Advanced Construction Bot5 T2 con bot to Geo sea or Air or Pondfirst at 4:59 · in 100% of games
  • Butler2 Butler to Geo sea or Beach seafirst at 10:30 · in 36% of games

You get

  • Hercules2 Light transport from Airfirst at 4:04 · in 88% of games

How it plays out

Typical game of this build against the role’s standard build, running totals by minute

  • This build
  • Standard tech

Metal produced

020k40k
0:005:0010:0015:00

metal

Enemy metal destroyed

01k2k3k
0:005:0010:0015:00

metal

Own metal lost

05001k
0:005:0010:0015:00

metal

100 games.

Show as table
ByMetal produced: This buildMetal produced: Standard techEnemy metal destroyed: This buildEnemy metal destroyed: Standard techOwn metal lost: This buildOwn metal lost: Standard tech
1:003833830000
2:009139150000
3:00160416530000
4:00309831440000
5:00487048470000
6:00595658030000
7:00752072300000
8:00930690680000
9:0011455111910000
10:001380213531179000
11:0016263162456490690
12:001900819673101401300
13:002228123461151203280
14:0026270273461782068074
15:0030092315382481105910130
WHAT THE NUMBERS SAY

Won far less often than the standard build, losing a lot more metal for only a modest gain in enemy metal destroyed.

  • + Enemy metal destroyed by 15:00 well above standard (2598 vs 262).
  • − Team win rate collapses to 21% vs standard's 53%.
  • − Own metal lost by 15:00 far exceeds standard (1360 vs 196).
THE EXAMPLE YOU ARE READING

Vaticineur

33.1 OS · 12/09/2026

Open source match ↗

3 received units · includes a constructor
2504 metal received · 65239 energy received

Allied construction assistance is unknown. Timings are observations, not a promise of solo reproducibility.

Typical milestones

Bot Lab1:17Middle 50%: 1:13–1:38 · n=100
Advanced Bot Lab4:18Middle 50%: 4:08–4:33 · n=100
Advanced Metal Extractor5:17Middle 50%: 4:57–5:41 · n=100
Sharpshooter8:39Middle 50%: 7:41–9:48 · n=100

Played most by

Amrissa15games of this buildDRM6games of this buildTheGeneraI5games of this buildenderOS14games of this buildKontraption4games of this build